 Dungeon Sprint DCSS version 0.29-a0-802-g34511f41fd (webtiles) character file.

Game seed: 12011136365477038578

147 mhtbhm the Covert (level 5, 0/24 HPs)
             Began as a Spriggan Enchanter on July 3, 2022.
             Was an Initiate of Dithmenos.
             Killed from afar by an oklob sapling wizard (24 damage)
             ... with a splash of acid
             ... in the Dungeon (Sprint IV: "Fedhas' Mad Dash").
             The game lasted 00:00:33 (204 turns).

mhtbhm the Covert (Spriggan Enchanter)               Turns: 204, Time: 00:00:34

Health: 0/24       AC:  2    Str:  4    XL:     5   Next: 8%
Magic:  9/13       EV: 19    Int: 17    God:    Dithmenos [......]
Gold:   33         SH:  0    Dex: 17    Spells: 12/14 levels left

rFire   . . .      SeeInvis +   a - +1 dagger
rCold   . . .      Faith    .   (no shield)
rNeg    . . .      Spirit   .   b - +0 robe
rPois   .          Reflect  .   (helmet restricted)
rElec   .          Harm     .   (no cloak)
rCorr   .          Rampage  .   (gloves unavailable)
Will    .....      NoTele   +   (boots unavailable)
Stlth   +++++.....              h - amulet of invisibility {+Inv}
HPRegen 0.08/turn               (no ring)
MPRegen 0.13/turn               (no ring)

@: very slightly contaminated, very quick
A: very small, no large weapons, unfitting armour, see invisible, speed 3
a: Renounce Religion, Evoke Invisibility


You were in the Dungeon.
You worshipped Dithmenos.
Dithmenos was noncommittal.
You visited 1 branch You collected 33 gold pieces.

Inventory:

Hand Weapons
 a - a +1 dagger (weapon)
Armour
 b - a +0 robe (worn)
Jewellery
 h - the amulet of invisibility (around neck) {+Inv}
   (You found it in the Dungeon)

   [amulet of nothing]

   +Inv:      It lets you turn invisible.
Scrolls
 i - a scroll of blinking
Potions
 c - 2 potions of invisibility
 d - a potion of curing
 e - a potion of heal wounds
 f - a potion of haste
 g - 2 potions of magic


   Skills:
 + Level 1.1 Short Blades
 + Level 5.2 Dodging
 + Level 10.1 Stealth
 + Level 5.4 Spellcasting
 + Level 8.4 Hexes
 + Level 1.2 Evocations


You had 12 spell levels left.
You knew the following spells:

 Your Spells              Type           Power      Damage    Failure   Level
a - Ensorcelled Hibernat  Hex/Ice        36%        N/A       3%          2

Your spell library contained the following spells:

 Spells                   Type           Power      Damage    Failure   Level
 Confusing Touch          Hex            33%        N/A       1%          3
 Tukima's Dance           Hex            33%        N/A       1%          3
 Dazzling Flash           Conj/Hex       36%        N/A       7%          3


Dungeon Overview and Level Annotations

Branches:
Dungeon (1/1)

Altars:
Cheibriados
Dithmenos
Elyvilon
Gozag
Hepliaklqana
Kikubaaqudgha
Makhleb
Nemelex Xobeh
Okawaru
Qazlal
Ru
Sif Muna
Trog
Uskayaw
Vehumet
Wu Jian
Xom
Yredelemnul
Zin
The Shining One
Jiyva
Lugonu

Annotations:
D exclusion: oklob sapling


Innate Abilities, Weirdness & Mutations

You are very small and have problems with some larger weapons.
You are too small for most types of armour.
You have supernaturally acute eyesight. (SInv)
You cover ground extremely quickly. (Speed+++)


Message History

You destroy the oklob sapling priest!
Your Dodging skill increases to level 5!
Your Stealth skill increases to level 10!
Your Spellcasting skill increases to level 5!
Your Hexes skill increases to level 8!
Your Evocations skill increases to level 1!
You have reached level 5!
You feel clever.
There is a viscous altar of Jiyva here.
There is a shadowy altar of Dithmenos here.
You kneel at the altar of Dithmenos.
Dithmenos welcomes you!
There is a white marble altar of Elyvilon here.
There is a fountain of clear blue water here.
You open the door.
An oklob sapling wizard comes into view.
You flicker for a moment.
Marking area around an oklob sapling wizard as unsafe for travelling.
Found a scroll labelled HAHIYH ASSUWISCH and a helmet.
There is an open door here.
You catch the helpless oklob sapling wizard completely off-guard!
You puncture the oklob sapling wizard!
The oklob sapling wizard is almost destroyed.
The oklob sapling wizard spits acid at you.
The splash of acid misses you.
You hit the oklob sapling wizard but do no damage.
The oklob sapling wizard is almost destroyed.
Casting: Ensorcelled Hibernation (safe; 3% risk of failure)
Confirm with . or Enter, or press ? or * to list all spells.
You can't see any susceptible monsters within range! (Use Z to cast anyway.) Unknown command.
You hit the oklob sapling wizard but do no damage.
The oklob sapling wizard is almost destroyed.
You hit the oklob sapling wizard but do no damage.
The oklob sapling wizard is almost destroyed.
You flicker back into view.
The oklob sapling wizard spits acid at you.
The splash of acid hits you!!
Ouch! That really hurt!
You die...

###################
.#.⌠._._._._.⌠.#.?+
.'.._._._._._..'@P#
.#..._._._._...#..#
##.._._._._._..#.[#
#._._._._._.⌠.####
###############


You could see an oklob sapling wizard.

Vanquished Creatures
  A scorpion (D)
  2 oklob saplings (D)
  A river rat (D)
  A rat (D)
5 creatures vanquished.

Notes
Turn   | Place    | Note
-------+----------+-------------------------------------------
     0 | D        | mhtbhm the Spriggan Enchanter began the quest for the Orb.
     0 | D        | Reached XP level 1. HP: 9/9 MP: 5/5
    11 | D        | Reached skill level 5 in Stealth
    11 | D        | Reached XP level 2. HP: 13/13 MP: 7/7
   155 | D        | Learned a level 2 spell: Ensorcelled Hibernation
   156 | D        | Noticed an oklob sapling
   157 | D        | Killed an oklob sapling
   158 | D        | Reached skill level 7 in Stealth
   158 | D        | Reached XP level 3. HP: 16/16 MP: 7/9
   159 | D        | Noticed a scorpion
   159 | D        | Found the amulet of invisibility {+Inv}
   161 | D        | Killed a scorpion
   162 | D        | Reached skill level 9 in Stealth
   162 | D        | Reached XP level 4. HP: 21/21 MP: 7/11
   181 | D        | Found an opulent altar of Gozag.
   181 | D        | Found a hazy altar of Hepliaklqana.
   181 | D        | Found a burning altar of Makhleb.
   181 | D        | Found a sparkling altar of Nemelex Xobeh.
   181 | D        | Found a snail-covered altar of Cheibriados.
   181 | D        | Found a sacrificial altar of Ru.
   181 | D        | Found a shimmering blue altar of Sif Muna.
   181 | D        | Found a shimmering altar of Xom.
   181 | D        | Found a basalt altar of Yredelemnul.
   182 | D        | Found a viscous altar of Jiyva.
   182 | D        | Found a bloodstained altar of Trog.
   182 | D        | Found an ornate altar of the Wu Jian Council.
   183 | D        | Found an iron altar of Okawaru.
   183 | D        | Found a shadowy altar of Dithmenos.
   183 | D        | Found a glowing silver altar of Zin.
   184 | D        | Found an ancient bone altar of Kikubaaqudgha.
   184 | D        | Found a hide-covered altar of Uskayaw.
   185 | D        | Found a stormy altar of Qazlal.
   185 | D        | Found a white marble altar of Elyvilon.
   185 | D        | Found a glowing golden altar of the Shining One.
   186 | D        | Found a corrupted altar of Lugonu.
   186 | D        | Found a radiant altar of Vehumet.
   190 | D        | Reached skill level 5 in Dodging
   190 | D        | Reached skill level 10 in Stealth
   190 | D        | Reached skill level 5 in Spellcasting
   190 | D        | Reached skill level 1 in Evocations
   190 | D        | Reached XP level 5. HP: 24/24 MP: 7/13
   192 | D        | Became a worshipper of Dithmenos the Shadowed
   204 | D        | Killed from afar by an oklob sapling wizard

Illustrated notes

Levels and vault maps discovered:
D:        dungeon_sprint_fedhas [sprint_temple]

Skill      XL: |  1  2  3  4 |
---------------+-------------+-----
Dodging        | 3 4 5 |  5.2
Stealth        | 5 7 9 10 | 10.1
Spellcasting   | 3 4 5 |  5.4
Hexes          | 4 6 7 8 |  8.4
Evocations     | 1 |  1.2
Short Blades   | |  1.1

Action                   |  1- 3 |  4- 6 || total
-------------------------+-------+-------++-------
Melee: Dagger            |     7 |     5 ||    12
 Abil: Evoke Invisibilit |       |     1 ||     1
  Use: Potion            |     1 |       ||     1
 Stab: Sleeping          |     2 |     1 ||     3
       Invisible         |       |     1 ||     1
Dodge: Dodged            |     4 |     1 ||     5

Table legend: (Time is in decaauts)
 A = Elapsed time spent in this place.
 B = Non-inter-level travel time spent in this place.
 C = Inter-level travel time spent in this place.
 D = Time resting spent in this place.
 E = Time spent auto-exploring this place.
 F = Levels seen in this place.
 G = Mean time per level.
                   A        B        C        D        E       F      G
               +--------+--------+--------+--------+--------+-----+--------+
         Total |    194 |    194 |      0 |    143 |      1 |   1 |  194.0 |
       Dungeon |    194 |    194 |      0 |    143 |      1 |   1 |  194.0 |
               +--------+--------+--------+--------+--------+-----+--------+

Top non-repeatable levels by time:
       D: 194 daAuts
